 Dungeon Crawl Stone Soup version 0.31.0-32-g396128a36d (webtiles) character file.

Game seed: 3079239437014997196

1661 unlimited1921 the Magician (level 9, -1/58 HPs)
             Began as a Djinni Fire Elementalist on Apr 17, 2024.
             Slain by an orc wizard
             ... wielding a +0 dagger
              (4 damage)
             ... on level 5 of the Dungeon.
             The game lasted 00:14:07 (11897 turns).

unlimited1921 the Magician (DjFE)                  Turns: 11897, Time: 00:14:07

Health: -1/58      AC:  3    Str:  7    XL:     9   Next: 20%
Gold:   225        EV: 12    Int: 22    God:
                   SH:  0    Dex: 13

rFire   + + .        u - +4 trident (venom)
rCold   x . .        (no shield)
rNeg    . . .        q - +0 leather armour
rPois   ∞            (no helmet)
rElec   .            (no cloak)
rCorr   .            (no gloves)
SInv    .            (boots unavailable)
Will    .....        (no amulet)
Stlth   +++          (no ring)
HPRegen 0.29/turn    (no ring)
MPRegen 0.00/turn

%: infuse magic (-2 HP)
@: flying
A: sickness immunity, fire resistance 2, cold vulnerability 1, float, innate
caster, HP casting, extra vitality 1
a: no special abilities


You were on level 5 of the Dungeon.
You visited 1 branch of the dungeon, and saw 5 of its levels.

You collected 225 gold pieces.

Inventory:

Hand Weapons
 h - a +0 short sword of venom
 u - a +4 trident of venom (weapon)
 x - a +0 shortbow
 y - a +1 flail of protection
Missiles
 f - a throwing net
 p - 6 poisoned darts
 s - 3 boomerangs
Armour
 a - a +0 robe
 q - a +0 leather armour (worn)
 v - a +0 scale mail
Wands
 w - a wand of charming (14)
Scrolls
 b - 2 scrolls of torment {unknown}
 c - a scroll of vulnerability {unknown}
 d - 2 scrolls of brand weapon {unknown}
 e - 4 scrolls of identify {unknown}
 j - 5 scrolls of teleportation {unknown}
 o - a scroll of silence {unknown}
Potions
 g - 2 potions of brilliance {unknown}
 i - 2 potions of attraction {unknown}
 k - 3 potions of might {unknown}
 l - a potion of berserk rage {unknown}
 m - a potion of haste {unknown}
 n - a potion of lignification {unknown}
 r - a potion of magic {unknown}
 t - 2 potions of curing {unknown}


   Skills:
 + Level 1.8 Fighting
 + Level 1.2 Short Blades
 + Level 2.2 Polearms
 + Level 4.5 Armour
 + Level 4.0 Dodging
 + Level 4.8 Stealth
 + Level 6.1 Spellcasting
 + Level 6.1 Conjurations
 + Level 6.1 Hexes
 + Level 6.1 Summonings
 + Level 6.1 Necromancy
 + Level 6.1 Translocations
 + Level 6.1 Fire Magic
 + Level 6.1 Ice Magic
 + Level 6.1 Air Magic
 + Level 6.1 Earth Magic
 + Level 6.1 Alchemy


You knew the following spells:

 Your Spells              Type           Power      Damage    Failure   Level
a - Foxfire               Conj/Fire      100%       2x1d9     1%          1
b - Scorch                Fire           66%        2d7       1%          2
c - Volatile Blastmotes   Fire/Tloc      66%        2d15      3%          3
d - Inner Flame           Hex/Fire       33%        N/A       3%          3
e - Flame Wave            Conj/Fire      33%        2d10      10%         4
f - Kiss of Death         Conj/Necr      100%       2d13      1%          1
g - Ensorcelled Hibernat  Hex/Ice        66%        N/A       1%          2
h - Call Canine Familiar  Summ           33%        N/A       3%          3
i - Passage of Golubria   Tloc           33%        N/A       10%         4
Your spell library was empty.

Dungeon Overview and Level Annotations

Branches:
Dungeon (5/15)             Temple (0/1) D:5

Altars:
Dithmenos
Yredelemnul

Shops:
D:3 (

Annotations:
D:3 2 transporters, Consumeair16's ghost, amateur GnCj


Innate Abilities, Weirdness & Mutations

You are immune to sickness and miasma.
You are immune to poison.
Your flesh is very heat resistant. (rF++)
You are vulnerable to cold. (rC-)
You float through the air rather than walking.
You learn spells naturally, not from books.
Your magical power is your life essence.
You have superior vitality. (+4 MHP)


Message History

Something hits you.
The orc wizard points at you and mumbles some strange words.
The magic dart hits you!
You hit something.
The orc wizard hits you with a +0 dagger.
Something hits you.
* * * LOW HITPOINT WARNING * * *
You miss something.
Reactivating autopickup.
You feel a bit more experienced.
The orc wizard mumbles some strange words.
The orc wizard flickers and vanishes!
Deactivating autopickup; reactivate with Ctrl-A.
Something hits you.
* * * LOW HITPOINT WARNING * * *
Casting: Scorch (safe; 1% risk of failure)
Confirm with . or Enter, or press ? or * to list all spells.
You conjure some foxfire!
* * * LOW HITPOINT WARNING * * *
Something hits you.
* * * LOW HITPOINT WARNING * * *
The foxfire hits something.
The foxfire hits something but does no damage.
Something hits you.
* * * LOW HITPOINT WARNING * * *
Casting: Foxfire (safe; 1% risk of failure)
Confirm with . or Enter, or press ? or * to list all spells.
You conjure some foxfire!
* * * LOW HITPOINT WARNING * * *
Something hits you.
* * * LOW HITPOINT WARNING * * *
You barely miss something.
The foxfire hits something. x2; Something hits you.
* * * LOW HITPOINT WARNING * * *
Unknown command.
Casting: Foxfire (safe; 1% risk of failure)
Confirm with . or Enter, or press ? or * to list all spells.
You conjure some foxfire!
* * * LOW HITPOINT WARNING * * *
Something hits you.
You die...

........# #..#....##
^.......# ####.....#
#.......## #..#.⌠.⌠.###
P........## #_)'..⌠....#
.P........###..#.⌠.⌠.#.#
#......#...####.....#.#
#.......)..#..#....##.#
#..........#_.){v.###.#
#........###..#@v##...#
##.....##.#### #####.###
....)......# #.#
.##..#.....# #.#
....##.....# #.#
.#.........# ####.#
.....#.....# #....#
...###.....# ###.####
.### #.....####...#


There were no monsters in sight!

Vanquished Creatures
  Pikel (D:4)
  Edmund (D:4)
  A water moccasin (D:5)
  A black bear (D:4)
  An ice beast (D:5)
  An ogre (D:5)
  2 centaurs
  3 lemures (D:4)
  A phantom (D:5)
  A howler monkey (D:4)
  An orc priest (D:3)
  A hound (D:5)
  A jelly (D:4)
  Terence (D:3)
  An iguana (D:4)
  4 orc wizards (D:5)
  3 gnolls (D:2)
  8 adders
  4 ufetubi (D:5)
  An adder zombie (D:3)
  A ribbon worm (D:4)
  A dart slug (D:4)
  5 orcs
  7 ball pythons
  6 endoplasms
  3 giant cockroaches
  3 hobgoblins
  4 jackals (D:1)
  3 bats
  3 frilled lizards
  7 goblins
  8 kobolds
  A quokka zombie (D:3)
  6 rats
96 creatures vanquished.

Vanquished Creatures (collateral kills)
  2 foxfires (D:5)
2 creatures vanquished.

Vanquished Creatures (others)
  419 foxfires
419 creatures vanquished.

Grand Total: 517 creatures vanquished

Notes
Turn   | Place    | Note
-------+----------+-------------------------------------------
     0 | D:1      | unlimited1921 the Djinni Fire Elementalist began the quest
                  | for the Orb.
     0 | D:1      | unlimited1921 set off with the following spells memorised:
                  | Foxfire, Scorch, Volatile Blastmotes, Inner Flame, Flame
                  | Wave.
     0 | D:1      | Reached XP level 1. HP: 15/15 MP: 0/0
   883 | D:1      | Reached XP level 2. HP: 19/21 MP: 0/0
  3065 | D:1      | Reached XP level 3. HP: 22/25 MP: 0/0
  3065 | D:1      | Learned a level 1 spell: Kiss of Death
  3214 | D:1      | Found a faded altar of an unknown god.
  4507 | D:2      | Reached XP level 4. HP: 22/31 MP: 0/0
  5802 | D:3      | Reached XP level 5. HP: 26/35 MP: 0/0
  5802 | D:3      | Learned a level 2 spell: Ensorcelled Hibernation
  6176 | D:3      | Found a transporter.
  6176 | D:3      | Noticed Consumeair16's ghost (amateur GnCj)
  6220 | D:3      | Found a transporter.
  6681 | D:3      | Reached skill level 1 in Short Blades
  7219 | D:3      | Found Kaho Oli's Weapon Shop.
  7219 | D:3      | Noticed Terence
  7226 | D:3      | Killed Terence
  7741 | D:3      | Found a basalt altar of Yredelemnul.
  8085 | D:4      | Noticed a lemure
  8086 | D:4      | Noticed Pikel
  8086 | D:4      | Noticed a lemure
  8086 | D:4      | Noticed a lemure
  8086 | D:4      | Noticed a lemure
  8094 | D:4      | Killed a lemure
  8094 | D:4      | Killed a lemure
  8095 | D:4      | Killed a lemure
  8261 | D:4      | Killed Pikel
  8262 | D:4      | Reached XP level 6. HP: 27/40 MP: 0/0
  8262 | D:4      | Reached XP level 7. HP: 31/45 MP: 0/0
  8262 | D:4      | Learned a level 3 spell: Call Canine Familiar
  8510 | D:4      | Reached XP level 8. HP: 46/50 MP: 0/0
  8670 | D:4      | Reached skill level 5 in Spellcasting
  8670 | D:4      | Reached skill level 5 in Conjurations
  8670 | D:4      | Reached skill level 5 in Hexes
  8670 | D:4      | Reached skill level 5 in Summonings
  8670 | D:4      | Reached skill level 5 in Necromancy
  8670 | D:4      | Reached skill level 5 in Translocations
  8670 | D:4      | Reached skill level 5 in Fire Magic
  8670 | D:4      | Reached skill level 5 in Ice Magic
  8670 | D:4      | Reached skill level 5 in Air Magic
  8670 | D:4      | Reached skill level 5 in Earth Magic
  8670 | D:4      | Reached skill level 5 in Alchemy
  9119 | D:4      | Noticed Edmund
  9128 | D:4      | Killed Edmund
  9129 | D:4      | Reached skill level 1 in Polearms
  9506 | D:4      | Reached skill level 1 in Fighting
  9839 | D:5      | Entered Level 5 of the Dungeon
 10003 | D:5      | Found a shadowy altar of Dithmenos.
 10289 | D:5      | Found a staircase to the Ecumenical Temple.
 10923 | D:5      | Reached XP level 9. HP: 41/58 MP: 0/0
 10923 | D:5      | Learned a level 4 spell: Passage of Golubria
 11897 | D:5      | Slain by an orc wizard

Illustrated notes

Levels and vault maps discovered:
D:1:      ncdulo_watergridlock, layout_loops_corners,
          ebering_ecumenical_altar_rust
D:2:      layout_rooms, minmay_stone_trees_small
D:3:      corexii_shack_village, layout_loops_ring,
          lemuel_zombie_altar_yredelemnul, gammafunk_ghost_arena, serial_shops,
          nicolae_shop_bloodbath_and_beyond, uniq_terence
D:4:      layout_loops_ring, uniq_edmund, uniq_pikel
D:5:      layout_rooms, palyth_temple_overflow_mages,
          nicolae_dithmenos_the_darkroom, minmay_temple_entry_hall,
          minmay_lizard_king

Skill      XL: |  1  2  3  4  5  6  7  8  9 |
---------------+----------------------------+-----
Stealth        | 2 3 4 |  4.8
Short Blades   | 1 |  1.2
Armour         | 2 3 4 |  4.5
Dodging        | 3 4 |  4.0
Spellcasting   | 4 5 6 |  6.1
Conjurations   | 4 5 6 |  6.1
Hexes          | 4 5 6 |  6.1
Summonings     | 4 5 6 |  6.1
Necromancy     | 4 5 6 |  6.1
Translocations | 4 5 6 |  6.1
Fire Magic     | 4 5 6 |  6.1
Ice Magic      | 4 5 6 |  6.1
Air Magic      | 4 5 6 |  6.1
Earth Magic    | 4 5 6 |  6.1
Alchemy        | 4 5 6 |  6.1
Polearms       | 2 |  2.2
Fighting       | 1 |  1.8

Action                     |  1- 3 |  4- 6 |  7- 9 || total
---------------------------+-------+-------+-------++-------
  Melee: Short sword       |       |     3 |       ||     3
         Trident           |       |       |    11 ||    11
   Cast: Foxfire           |    71 |    73 |   102 ||   246
         Scorch            |     9 |    22 |     8 ||    39
         Inner Flame       |       |     4 |     1 ||     5
         Call Canine Famil |       |       |     1 ||     1
 Armour: Robe              |     8 |     4 |       ||    12
         Leather armour    |       |       |    23 ||    23
  Dodge: Dodged            |     5 |    11 |     7 ||    23
